 Dungeon Crawl Stone Soup version 0.29.0-13-gc9e81de378 (webtiles) character file.

Game seed: 8555878482941310776

2 keekatzer the Caller (level 1, 0/14 HPs)
             Began as a Ghoul Summoner on Sept 9, 2022.
             Slain by a quokka (1 damage)
             ... on level 1 of the Dungeon.
             The game lasted 00:01:19 (167 turns).

keekatzer the Caller (Ghoul Summoner)                Turns: 167, Time: 00:01:20

Health: 0/14       AC:  4    Str: 11    XL:     1   Next: 40%
Magic:  1/2        EV: 11    Int: 10    God:
Gold:   8          SH:  0    Dex:  9    Spells: 2/3 levels left

rFire   . . .      SeeInvis .   (no weapon)
rCold   + . .      Faith    .   (no shield)
rNeg    + + +      Spirit   .   f - +0 leather armour
rPois   ∞          Reflect  .   (no helmet)
rElec   .          Harm     .   (no cloak)
rCorr   .          Rampage  .   d - +0 pair of gloves
Will    .....                   (no boots)
Stlth   ++........              (no amulet)
HPRegen 0.00/turn               (no ring)
MPRegen 0.08/turn               (no ring)

@: inhibited regen
A: claws 1, cold resistance 1, negative energy resistance 3, inhibited
regeneration, torment resistance 2, devour on kill
a: no special abilities


You were on level 1 of the Dungeon.
You visited 1 branch of the dungeon, and saw 1 of its levels.

You collected 8 gold pieces.

Inventory:

Armour
 a - a +0 robe
 d - a +0 pair of gloves (worn)
 f - a +0 leather armour (worn)
Scrolls
 e - a scroll of blinking {unknown}
Potions
 b - a potion of magic
 c - 2 potions of mutation {unknown}


   Skills:
 + Level 0.2 Fighting
 + Level 0.0 Armour
 + Level 1.8 Dodging
 + Level 2.3 Stealth
 + Level 1.7 Spellcasting
 + Level 3.6 Summonings


You had 2 spell levels left.
You knew the following spells:

 Your Spells              Type           Power      Damage    Failure   Level
a - Summon Small Mammal   Summ           32%        N/A       10%         1

Your spell library contained the following spells:

 Spells                   Type           Power      Damage    Failure   Level
 Call Imp                 Summ           8%         N/A       14%         2
 Call Canine Familiar     Summ           8%         N/A       28%         3
 Summon Guardian Golem    Hex/Summ       4%         N/A       52%         3
 Summon Lightning Spire   Summ/Air       4%         N/A       90%         4


Dungeon Overview and Level Annotations

Branches:
Dungeon (1/15)

Altars:


Innate Abilities, Weirdness & Mutations

You are immune to poison.
You have sharp fingernails.
Your flesh is cold resistant. (rC+)
You are immune to negative energy. (rN+++)
You do not regenerate when monsters are visible.
You are immune to unholy pain and torment.
You thrive by killing the living.


Message History

You start removing your armour.
You continue taking off your +0 robe. x4
You finish taking off your +0 robe.
You start putting on your armour.
You continue putting on your +0 leather armour. x4
Your bat disappears in a puff of smoke!
You continue putting on your +0 leather armour.
You finish putting on your +0 leather armour.
Found 8 gold pieces.
Found a blue potion.
You now have 8 gold pieces.
c - 2 blue potions (gained 1) Sorry, you're not good enough to have a special ability.
Unknown command.
A quokka comes into view.
The helpless quokka fails to defend itself.
You hit the quokka.
The quokka is moderately wounded.
The quokka closely misses you. x2
Casting: Summon Small Mammal (safe; 10% risk of failure)
Confirm with . or Enter, or press ? or * to list all spells.
The quokka misses you. The quokka attacks as you move away!
The quokka misses you.
Your rat misses the quokka. You hit the quokka but do no damage.
The quokka is moderately wounded.
The quokka bites you.
Your rat bites the quokka.
You barely miss the quokka.
The quokka is severely wounded.
The quokka bites you.
Your rat misses the quokka. The quokka closely misses you.
You barely miss the quokka.
The quokka is severely wounded.
The quokka bites you.
* * * LOW HITPOINT WARNING * * *
Your rat bites the quokka.
Unknown command.
You hit the quokka but do no damage.
The quokka is almost dead.
The quokka bites you.
You die...

.# #.. .# #+#
#..#. .# #.#
##... .# #.#
.... .# ##.##
#...
####...#####
#..# #........#
#..#####.#
##...###.#
#.rr.....#
####..##
#.#####@#######
.....##
#.......#
######
#########


You could see a quokka (ally target) and a friendly rat (summoned).

Vanquished Creatures (collateral kills)
  A hobgoblin (D:1)
  A bat (D:1)
  A frilled lizard (D:1)
3 creatures vanquished.

Notes
Turn   | Place    | Note
-------+----------+-------------------------------------------
     0 | D:1      | keekatzer the Ghoul Summoner began the quest for the Orb.
     0 | D:1      | Reached XP level 1. HP: 14/14 MP: 2/2
   167 | D:1      | Slain by a quokka

Illustrated notes

Levels and vault maps discovered:
D:1:      grunt_arrival_lava_bath, layout_loops_corners

Action                   || total
-------------------------++-------
Melee: Unarmed           ||    17
 Cast: Summon Small Mamm ||     5
 Stab: Sleeping          ||     1
Armor: Robe              ||     3
Dodge: Dodged            ||    13
